 Dungeon Crawl Stone Soup version 0.22-a0-283-g1871b15 (webtiles) character file.

28083 Amnesiac the Destroyer (level 13, -7/78 HPs)
             Began as a Deep Elf Wizard on Mar 19, 2018.
             Was a High Priest of Sif Muna.
             Killed from afar by a deep elf knight (34 damage)
             ... with an orb of energy
             ... on level 1 of the Elven Halls.
             The game lasted 00:34:30 (14683 turns).

Amnesiac the Destroyer (Deep Elf Wizard)           Turns: 14683, Time: 00:34:31

Health: -7/78      AC:  9    Str:  4    XL:     13   Next: 7%
Magic:  0/45       EV: 16    Int: 27    God:    Sif Muna [*****.]
Gold:   1384       SH:  4    Dex: 13    Spells: 12/35 levels left

rFire    . . .     SeeInvis .   j - staff of power
rCold    + . .     Gourm    .   (no shield)
rNeg     . . .     Faith    .   a - +0 robe
rPois    .         Spirit   .   b - +0 hat
rElec    .         Reflect  .   (no cloak)
rCorr    .         Harm     .   q - +2 pair of gloves
MR       +....                  E - +0 pair of boots
Stlth    ++........             (no amulet)
HPRegen  0.23/turn              s - +3 ring of protection
MPRegen  0.29/turn              g - ring of protection from cold

@: studying Shields, no casting
A: horns 1, large bone plates 1, dopey 1
a: Stop Divine Energy, Channel Magic, Forget Spell, Renounce Religion


You were on level 1 of the Elven Halls.
You worshipped Sif Muna.
Sif Muna was extremely pleased with you.
You were hungry.

You visited 4 branches of the dungeon, and saw 13 of its levels.
You also visited: Bailey.

You collected 1768 gold pieces.
You spent 384 gold pieces at shops.

Inventory:

Hand Weapons
 y - a +2 spear of venom
Armour
 a - a +0 robe (worn)
 b - a +0 hat (worn)
 q - a +2 pair of gloves (worn)
 E - a +0 pair of boots (worn)
Magical Staves
 j - an uncursed staff of power (weapon)
Jewellery
 g - a ring of protection from cold (right hand)
 s - a +3 ring of protection (left hand)
 w - an uncursed ring of ice
Wands
 k - a wand of polymorph (16)
 v - a wand of paralysis (8)
 G - a wand of clouds (4)
Scrolls
 c - 3 scrolls of remove curse {!r}
 h - 8 scrolls of teleportation {!r}
 m - a scroll of enchant weapon {!r}
 n - a scroll of magic mapping {!r}
 r - 2 scrolls of blinking {!r}
 t - a scroll of fear {!r}
 x - a scroll of summoning {!r}
 B - 3 scrolls of enchant armour {!r}
 D - a scroll of vulnerability {!r}
 F - a scroll of fog {!r}
Potions
 e - a potion of heal wounds {!q}
 f - a potion of invisibility {!q}
 i - a potion of brilliance {!q}
 l - 3 potions of curing {!q}
 o - a potion of mutation {!q}
 u - a potion of lignification {!q}
 z - 4 potions of haste {!q}
 A - a potion of magic {!q}
 K - a potion of cancellation {!q}
Books
 J - a manual of Shields
Comestibles
 d - 16 rations
 p - 5 chunks of flesh


   Skills:
 - Level 7.7 Fighting
 - Level 7.7 Dodging
 - Level 2.4 Stealth
 - Level 11.5 Spellcasting
 - Level 12.5 Conjurations
 - Level 1.1 Summonings
 - Level 1.1 Translocations
 - Level 12.4 Fire Magic
 * Level 7.3 Earth Magic


You had 12 spell levels left.
You knew the following spells:

 Your Spells              Type           Power        Failure   Level  Hunger
a - Flame Tongue          Conj/Fire      #####        1%          1    None
b - Call Imp              Summ           ###.....     3%          2    None
c - Magic Dart            Conj           ####         1%          1    None
d - Fireball              Conj/Fire      ######....   1%          5    ###....
e - Mephitic Cloud        Conj/Pois/Air  #####...     1%          3    None
f - Iron Shot             Conj/Erth      ######....   10%         6    #####..
s - Conjure Flame         Conj/Fire      ######..     1%          3    None
v - Blink                 Tloc           N/A          3%          2    None


Dungeon Overview and Level Annotations

Branches:
Dungeon (9/15)             Temple (1/1) D:7             Orc (2/2) D:9
    Elf (1/3) Orc:2
   Lair: D:8-11

Altars:
Ashenzari
Cheibriados
Dithmenos
Elyvilon
Fedhas
Gozag
Hepliaklqana
Kikubaaqudgha
Makhleb
Nemelex Xobeh
Okawaru
Qazlal
Ru
Sif Muna
Trog
Uskayaw
Vehumet
Wu Jian
Xom
Yredelemnul
Zin
The Shining One
Beogh

Shops:
D:4 (   D:6 (   Orc:2 (*:?


Innate Abilities, Weirdness & Mutations

You have a pair of small horns on your head.
You are partially covered in large bone plates. (SH +4)
You are dopey. (Int -2)


Message History

The short sword of flaming misses you.
The deep elf knight mumbles some strange words.
The deep elf knight seems to speed up.
You open the door. The short sword of flaming hits you.
The short sword of flaming burns you. The short sword of flaming hits you.
The short sword of flaming burns you. The short sword of flaming hits you.
The short sword of flaming burns you.
There is an open door, spattered with blood here.
The short sword of flaming hits you but does no damage.
Casting: Flame Tongue (safe; 1% risk of failure)
Confirm with . or Enter, or press ? or * to list all spells.
Aiming: Fireball (safe; 1% risk of failure)
Press: ? - help, Shift-Dir - straight line, f - short sword of flaming
Aim: a short sword of flaming (lightly damaged)
Okay, then.
Casting: Fireball (safe; 1% risk of failure)
Confirm with . or Enter, or press ? or * to list all spells.
Aiming: Iron Shot (safe; 11% risk of failure)
Press: ? - help, Shift-Dir - straight line, f - short sword of flaming
Aim: a short sword of flaming (lightly damaged)
You miscast Iron Shot.
Sif Muna protects you from the effects of your miscast!
The short sword of flaming hits you!
* * * LOW HITPOINT WARNING * * *
The short sword of flaming burns you.
* * * LOW HITPOINT WARNING * * *
The short sword of flaming closely misses you.
Casting: Iron Shot (safe; 11% risk of failure)
Confirm with . or Enter, or press ? or * to list all spells.
Aiming: Iron Shot (safe; 11% risk of failure)
Press: ? - help, Shift-Dir - straight line, f/p - short sword of flaming
Aim: a short sword of flaming (lightly damaged)
The iron shot misses the short sword of flaming.
The iron shot misses the deep elf knight.
The short sword of flaming hits you.
* * * LOW HITPOINT WARNING * * *
The short sword of flaming burns you.
* * * LOW HITPOINT WARNING * * *
Casting: Iron Shot (safe; 11% risk of failure)
Confirm with . or Enter, or press ? or * to list all spells.
Aiming: Iron Shot (safe; 11% risk of failure)
Press: ? - help, Shift-Dir - straight line, f/p - short sword of flaming
Aim: a short sword of flaming (lightly damaged)
The iron shot hits the short sword of flaming.
The short sword of flaming falls from the air.
Sif Muna accepts your kill.
Your life force feels restored.
The deep elf mage gestures at you while chanting.
The lance of force misses you.
Casting: Iron Shot (safe; 10% risk of failure)
Confirm with . or Enter, or press ? or * to list all spells.
Aiming: Iron Shot (safe; 10% risk of failure)
Press: ? - help, Shift-Dir - straight line, f - deep elf mage
Aim: a deep elf mage, wielding a short sword and wearing a chain mail The iron shot hits the deep elf knight.
The deep elf knight is severely wounded.
You are feeling hungry.
Sif Muna grants you divine energy.
You briefly lose access to your magic!
The deep elf knight casts a spell at you.
The orb of energy misses you.
The orb of energy explodes!
The deep elf knight casts a spell at you.
The orb of energy hits you!
You die...

#.#
########.#
#........#
###.######.#
#.).# ###
#.#.##
#....#####
#..#.'...#
#..@.#.#.#
#.#e##...####
#.#e..#.#...#
#.#.#.....#.+
#.#...#.#...#
####...##+#
#.#.# #$.(#
#####


You could see a deep elf knight and a deep elf mage.

Vanquished Creatures
  Snorg (Orc:1)
  Erolcha (Orc:2)
  A hydra (D:9)
  2 ogre magi (Orc:2)
  9 two-headed ogres
  A dancing weapon (Elf:1)
  An orc high priest (Orc:2)
  2 deep trolls (Orc:2)
  3 orc knights
  6 deep elf magi (Elf:1)
  2 orc sorcerers (Orc:2)
  3 cyclopes
  10 trolls
  A hornet (D:8)
  2 dream sheep (D:9)
  2 yaks (D:9)
  2 hungry ghosts (D:7)
  The ghost of Anon1729 the Firebug, an amateur DsFE (D:3)
  5 wargs
  A water moccasin (D:6)
  2 sky beasts
  27 orc warriors
  2 black bears
  22 ogres
  3 centaurs
  3 big kobolds (D:9)
  5 bullfrogs
  A wyvern zombie (D:7)
  2 scorpions (D:7)
  A wight (D:8)
  4 crimson imps
  2 bullfrog zombies
  A quasit (D:9)
  3 hounds
  A jelly (D:6)
  7 orc priests
  2 iguanas
  10 orc wizards
  2 worker ants
  A worker ant zombie (D:5)
  A howler monkey skeleton (D:9)
  4 gnolls (Orc:1)
  12 adders
  3 shadow imps
  An adder zombie (D:9)
  An adder skeleton (D:6)
  2 worms
  2 dart slugs (D:1)
  2 leopard geckos
  77 orcs
  2 giant cockroaches
  7 goblins
  2 hobgoblins
  15 jackals
  10 kobolds
  2 quokkas
  4 ball pythons
  6 bats
  5 frilled lizards
  2 leopard gecko skeletons (D:4)
  2 leopard gecko zombies
  A quokka skeleton (D:4)
  7 rats
327 creatures vanquished.

Vanquished Creatures (collateral kills)
  The ghost of anet the Cleaver, a novice GnWn (D:4)
  2 ice beasts
  2 wights
  2 crimson imps
  A gnoll (D:1)
  A worm (D:2)
9 creatures vanquished.

Grand Total: 336 creatures vanquished

Notes
Turn   | Place    | Note
-------+----------+-------------------------------------------
     0 | D:1      | Amnesiac the Deep Elf Wizard began the quest for the Orb.
     0 | D:1      | Reached XP level 1. HP: 10/10 MP: 7/7
   196 | D:1      | Reached skill level 1 in Fighting
   196 | D:1      | Reached XP level 2. HP: 11/16 MP: 0/9
   230 | D:1      | Learned a level 2 spell: Blink
   233 | D:1      | Learned a level 2 spell: Call Imp
  1039 | D:2      | Reached XP level 3. HP: 21/21 MP: 2/11
  1044 | D:2      | Learned a level 3 spell: Conjure Flame
  1048 | D:2      | Learned a level 3 spell: Mephitic Cloud
  1133 | D:2      | Found an iron altar of Okawaru.
  1393 | D:2      | Found a white marble altar of Elyvilon.
  1599 | D:2      | Reached XP level 4. HP: 27/27 MP: 5/12
  1856 | D:3      | Noticed Anon1729's ghost (amateur DsFE)
  1866 | D:3      | Killed Anon1729's ghost
  1866 | D:3      | Reached XP level 5. HP: 14/31 MP: 1/13
  2068 | D:3      | Found a hide-covered altar of Uskayaw.
  2550 | D:4      | Noticed an ogre
  2649 | D:4      | Reached XP level 6. HP: 9/37 MP: 0/14
  2920 | D:4      | Found Dapt's Antique Weapon Shoppe.
  3334 | D:4      | Noticed anet's ghost (novice GnWn)
  3358 | D:4      | Killed anet's ghost
  3358 | D:4      | Reached skill level 5 in Fighting
  3358 | D:4      | Reached skill level 5 in Dodging
  3358 | D:4      | Reached XP level 7. HP: 16/44 MP: 1/15
  3730 | D:5      | Entered Level 5 of the Dungeon
  4047 | D:5      | Reached XP level 8. HP: 51/51 MP: 1/16
  4504 | D:5      | Found a sparkling altar of Nemelex Xobeh.
  4505 | D:5      | Found a stormy altar of Qazlal.
  5171 | D:6      | Found an ornate altar of the Wu Jian Council.
  5389 | D:6      | Found Qithovy's Weapon Shoppe.
  5596 | D:7      | Found a sacrificial altar of Ru.
  5816 | D:7      | Reached XP level 9. HP: 57/57 MP: 10/17
  5886 | D:7      | Found a staircase to the Ecumenical Temple.
  5892 | Temple   | Entered the Ecumenical Temple
  6231 | Temple   | Became a worshipper of Sif Muna the Loreminder
  6556 | D:7      | Found a burning altar of Makhleb.
  6568 | D:7      | Reached skill level 5 in Spellcasting
  6568 | D:7      | Reached skill level 5 in Conjurations
  6570 | D:7      | Found a radiant altar of Vehumet.
  7495 | D:8      | Reached * piety under Sif Muna
  7621 | D:7      | Reached skill level 1 in Fire Magic
  7824 | D:8      | Learned a level 5 spell: Fireball
  7856 | D:8      | Learned a level 1 spell: Flame Tongue
  7896 | D:8      | Found a shadowy altar of Dithmenos.
  8085 | D:9      | Got an ichor-stained falchion
  8087 | D:9      | Lost strength.
  8087 | D:9      | Identified the cursed +3 falchion of Fragile Peace {flame, rElec Str-4 SInv Stlth+} (You found it on level 9 of the Dungeon)
  8374 | D:9      | Noticed a two-headed ogre
  8387 | D:9      | Killed a two-headed ogre
  8387 | D:9      | Reached ** piety under Sif Muna
  8387 | D:9      | Reached XP level 10. HP: 64/64 MP: 6/24
  8925 | D:9      | Noticed a two-headed hydra
  8946 | D:9      | Killed a two-headed hydra
  8946 | D:9      | Reached *** piety under Sif Muna
  9273 | D:9      | Found a staircase to the Orcish Mines.
  9293 | Orc:1    | Entered Level 1 of the Orcish Mines
  9293 | Orc:1    | Noticed a cyclops
  9299 | Orc:1    | Killed a cyclops
  9501 | Orc:2    | Entered Level 2 of the Orcish Mines
  9646 | Orc:2    | Reached **** piety under Sif Muna
  9717 | Orc:1    | Noticed Snorg
  9738 | Orc:1    | Killed Snorg
  9738 | Orc:1    | Reached XP level 11. HP: 60/68 MP: 6/25
  9748 | Orc:1    | Found a flagged portal.
  9754 | Bailey   | Entered a bailey
 10443 | Bailey   | Noticed an orc knight
 10461 | Bailey   | Killed an orc knight
 10611 | Bailey   | Found a roughly hewn altar of Beogh.
 10612 | Bailey   | Got a transparent bardiche {chop}
 10616 | Bailey   | Identified the +8 bardiche "Puut" {chop, rPois Str+5 Int-5} (You took it off an orc warrior in a bailey)
 11182 | Orc:1    | Reached skill level 10 in Conjurations
 11542 | Orc:2    | Found a staircase to the Elven Halls.
 11542 | Orc:2    | Noticed Erolcha
 11545 | Orc:2    | Killed Erolcha
 11545 | Orc:2    | Reached ***** piety under Sif Muna
 11545 | Orc:2    | Reached skill level 10 in Fire Magic
 11548 | Orc:2    | Noticed a two-headed ogre
 11548 | Orc:2    | Noticed a two-headed ogre
 11578 | Orc:2    | Killed a two-headed ogre
 11667 | Orc:2    | Killed a two-headed ogre
 11667 | Orc:2    | Received a gift from Sif Muna
 11667 | Orc:2    | Reached skill level 10 in Spellcasting
 11939 | Orc:2    | Noticed a two-headed ogre
 11942 | Orc:2    | Killed a two-headed ogre
 11950 | Orc:2    | Noticed a two-headed ogre
 11975 | Orc:2    | Killed a two-headed ogre
 12037 | Orc:2    | Noticed a two-headed ogre
 12044 | Orc:2    | Killed a two-headed ogre
 12044 | Orc:2    | Reached XP level 12. HP: 58/73 MP: 0/28
 12637 | Orc:2    | Noticed an ogre mage
 12641 | Orc:2    | Killed an ogre mage
 12651 | Orc:2    | Noticed a two-headed ogre
 12653 | Orc:2    | Killed a two-headed ogre
 12835 | Orc:2    | Noticed a two-headed ogre
 12859 | Orc:2    | Killed a two-headed ogre
 12866 | Orc:2    | Noticed an ogre mage
 13004 | Orc:2    | Killed an ogre mage
 13179 | Orc:2    | Noticed a two-headed ogre
 13187 | Orc:2    | Received a gift from Sif Muna
 13196 | Orc:2    | Learned a level 6 spell: Iron Shot
 13291 | Orc:2    | Killed a two-headed ogre
 13346 | Orc:2    | HP: 1/73 [troll (10)]
 13769 | Orc:2    | Reached skill level 1 in Earth Magic
 13923 | Orc:2    | Found Kuixuf's General Store.
 13924 | Orc:2    | Found Lott's Weapon Boutique.
 13931 | Orc:2    | Found Fuczui's Magic Scroll Shoppe.
 13931 | Orc:2    | Found Duelimpi's Book Emporium.
 13949 | Orc:2    | Bought a scroll of enchant armour for 120 gold pieces
 13973 | Orc:2    | Bought a potion of cancellation for 104 gold pieces
 13978 | Orc:2    | Bought a scroll of identify for 32 gold pieces
 13978 | Orc:2    | Bought a scroll of identify for 32 gold pieces
 13978 | Orc:2    | Identified a scroll of acquirement {!r}
 13980 | Orc:2    | Bought a scroll of identify for 32 gold pieces
 13980 | Orc:2    | Bought a scroll of identify for 32 gold pieces
 13980 | Orc:2    | Bought a scroll of identify for 32 gold pieces
 14045 | Orc:2    | Found a runed door.
 14232 | Orc:2    | Noticed an orc high priest
 14234 | Orc:2    | Killed an orc high priest
 14234 | Orc:2    | Reached skill level 5 in Earth Magic
 14469 | Orc:2    | Found a roughly hewn altar of Beogh.
 14517 | Elf:1    | Entered Level 1 of the Elven Halls
 14519 | Elf:1    | Gained mutation: You are dopey. (Int -2) [potion of mutation]
 14519 | Elf:1    | Gained mutation: You have a pair of small horns on your head. [potion of mutation]
 14519 | Elf:1    | Gained mutation: You are partially covered in large bone plates. (SH +4) [potion of mutation]
 14530 | Elf:1    | Reached XP level 13. HP: 66/78 MP: 8/30
 14683 | Elf:1    | Killed from afar by a deep elf knight

Vault maps used:
D:1:      nzn_arrival_depleted_hourglass, minivault_27
D:2:      lemuel_doored_altar, old_standard_altar
D:3:      eat_drink_and_be_merry_uskayaw, first_ration
D:4:      serial_shops, nicolae_shop_trees
D:5:      gammafunk_temple_overflow_statue
D:6:      lemuel_coloured_pillars_altar, serial_shops, kennysheep_little_box
D:7:      grunt_temple_overflow_lords_of_destruction, hangedman_ru_absence,
          minmay_temple_entry_enclosed_plants
D:8:      overflow_temple_1_default
D:9:      hiddenorc1_lemuel, hangedman_ranch
Temple:   hc_temple_tempest_star
Orc:1:    enter_bailey_3, nicolae_orc_lava_room, uniq_snorg
Orc:2:    st_orc_open, lightli_church_of_beogh, uniq_erolcha
Elf:1:    minmay_elf_arrival_plus, portal_desolation_entry_nicolae_slug,
          hangedman_elven_crosses_minicolossus, st_stairs_14,
          minmay_elf_annihilation
Bailey:   bailey_polearm_2, bailey

Skill      XL: |  1  2  3  4  5  6  7  8  9 10 11 12 13 |
---------------+----------------------------------------+-----
Fighting       | 1 2 3 5 7 |  7.7
Conjurations   | 2 4 5 9 11 12 | 12.5
Dodging        | 3 5 7 |  7.7
Spellcasting   | 8 10 11 | 11.5
Fire Magic     | 6 9 11 12 | 12.4
Earth Magic    | 6 7 |  7.3
Stealth        | |  2.4
Summonings     | |  1.1
Translocations | |  1.1

Action                   |  1- 3 |  4- 6 |  7- 9 | 10-12 | 13-15 || total
-------------------------+-------+-------+-------+-------+-------++-------
Melee: Unarmed           |    21 |     4 |    52 |       |       ||    77
       Spear             |       |       |   120 |    10 |       ||   130
       Staff             |       |       |       |     1 |       ||     1
 Cast: Magic Dart        |    88 |   124 |   187 |       |       ||   399
       Call Imp          |     4 |     9 |    17 |     1 |       ||    31
       Blink             |     1 |       |     3 |    19 |       ||    23
       Conjure Flame     |       |     3 |    17 |     6 |       ||    26
       Mephitic Cloud    |       |     1 |     9 |    17 |       ||    27
       Flame Tongue      |       |       |    51 |   272 |     2 ||   325
       Fireball          |       |       |       |   131 |       ||   131
       Iron Shot         |       |       |       |     1 |     5 ||     6
Invok: Divine Energy     |       |       |     1 |       |       ||     1
Evoke: Wand              |       |       |     2 |       |       ||     2
  Use: Scroll            |       |     5 |    12 |     9 |       ||    26
       Potion            |       |     1 |     1 |     3 |       ||     5
 Stab: Distracted        |       |       |     2 |       |       ||     2
       Sleeping          |       |       |     1 |       |       ||     1
       Paralysed         |       |       |    10 |       |       ||    10
       Confused          |       |       |     3 |       |       ||     3
  Eat: Chunk             |     2 |     5 |    15 |    30 |       ||    52
       Ration            |       |       |     1 |     1 |     1 ||     3
Armor: Robe              |     2 |     6 |    73 |    50 |     2 ||   133
Dodge: Dodged            |    23 |    23 |   211 |   187 |     8 ||   452
Block: Other             |       |       |       |       |     1 ||     1

Table legend:
 A = Spawn XP
 B = Non-spawn XP
 C = Spawn XP percentage of total XP
 D = Spawn monster count
 E = Non-spawn monster count
 F = Spawn count percentage of total count
 G = Total turns spent on level
                    A         B        C        D         E        F      G
               +---------+---------+-------+---------+---------+-------+---------
         Total |       0 |   40119 |   0.0 |       0 |     336 |   0.0 | 14683
               +---------+---------+-------+---------+---------+-------+---------
           D:1 |       0 |      39 |   0.0 |       0 |      18 |   0.0 |   990
           D:2 |       0 |      81 |   0.0 |       0 |      19 |   0.0 |   695
           D:3 |       0 |     223 |   0.0 |       0 |      19 |   0.0 |   756
           D:4 |       0 |     856 |   0.0 |       0 |      22 |   0.0 |  1512
           D:5 |       0 |     482 |   0.0 |       0 |      17 |   0.0 |   619
           D:6 |       0 |     600 |   0.0 |       0 |      14 |   0.0 |  1024
           D:7 |       0 |    1235 |   0.0 |       0 |      20 |   0.0 |  1355
           D:8 |       0 |     959 |   0.0 |       0 |      13 |   0.0 |   760
           D:9 |       0 |    3961 |   0.0 |       0 |      47 |   0.0 |  1319
         Orc:1 |       0 |    3671 |   0.0 |       0 |      35 |   0.0 |  1314
         Orc:2 |       0 |   21870 |   0.0 |       0 |      80 |   0.0 |  2892
         Elf:1 |       0 |    3937 |   0.0 |       0 |       7 |   0.0 |   164
        Bailey |       0 |    2205 |   0.0 |       0 |      25 |   0.0 |   934
               +---------+---------+-------+---------+---------+-------+---------
